 Dungeon Crawl Stone Soup version 0.26-a0-652-gafc20e3620 (webtiles) character file.

Game seed: 17159558290078909701

13520 DogServant the Geomancer (level 12, -3/72 HPs)
             Began as a Gargoyle Earth Elementalist on Oct 2, 2020.
             Was an Elder of Sif Muna.
             Slain by an orc warrior
             ... wielding a +0 glaive
              (24 damage)
             ... on level 5 of the Dungeon.
             The game lasted 00:43:28 (17046 turns).

DogServant the Geomancer (GrEE)                    Turns: 17046, Time: 00:43:28

Health: -3/72      AC: 10    Str: 13    XL:     12   Next: 6%
Magic:  1/21       EV: 14    Int: 28    God:    Sif Muna [****..]
Gold:   715        SH:  0    Dex: 16    Spells: 3/23 levels left

rFire    + . .     SeeInvis .   l - +6 hand axe of Imminent Death {flame, Fragile rF+ Int+8}
rCold    . . .     Faith    .   (no shield)
rNeg     + . .     Spirit   .   J - +0 robe {MR+}
rPois    ∞         Reflect  .   j - +2 helmet
rElec    +         Harm     .   (no cloak)
rCorr    +         Rampage  .   h - +0 pair of gloves
MR       +....                  (no boots)
Stlth    ++........             (no amulet)
HPRegen  0.22/turn              d - +6 ring of dexterity
MPRegen  0.17/turn              c - ring of resist corrosion

@: corroded
A: negative energy resistance 1, electricity resistance, unbreathing,
petrification resistance, rot immunity, AC +8
a: Channel Magic, Forget Spell, Divine Exegesis, Renounce Religion


You were on level 5 of the Dungeon.
You worshipped Sif Muna.
Sif Muna was greatly pleased with you.
You visited 2 branches of the dungeon, and saw 13 of its levels.
You also visited: Ossuary.

You collected 715 gold pieces.

Inventory:

Hand Weapons
 l - the +6 hand axe of Imminent Death (weapon) {flame, Fragile rF+ Int+8}
   (You found it on level 10 of the Dungeon)

   It has been specially enchanted to burn those struck by it, causing extra
   injury to most foes and up to half again as much damage against particularly
   susceptible opponents.
   Big, fiery blades are also staple armaments of hydra-hunters.
   It affects your intelligence (+8).
   It protects you from fire.
   It will be destroyed if unequipped.
 v - a +4 mace of holy wrath
Missiles
 b - 30 stones
 n - 2 throwing nets (quivered)
Armour
 h - a +0 pair of gloves (worn)
 j - a +2 helmet (worn)
 x - a cursed +0 helmet
 J - a +0 robe of magic resistance (worn)
 K - +0 acid dragon scales
Jewellery
 c - a ring of resist corrosion (right hand)
 d - a +6 ring of dexterity (left hand)
 e - an uncursed ring of wizardry
 t - an uncursed ring of flight
 C - an uncursed ring of protection from fire
 L - a cursed ring of see invisible {unknown}
Wands
 g - a wand of iceblast (33)
 m - a wand of disintegration (10)
 o - a wand of random effects (8)
 y - a wand of paralysis (26)
 E - a wand of polymorph (30)
Scrolls
 q - 3 scrolls of magic mapping
 r - a scroll of enchant armour
 A - a scroll of random uselessness
 B - 7 scrolls of remove curse
 D - a scroll of fog
 F - 8 scrolls of identify
 G - 2 scrolls of amnesia
 M - a scroll of acquirement {unknown}
Potions
 a - 10 potions of lignification
 f - 2 potions of haste
 i - 5 potions of curing
 k - 6 potions of heal wounds {unknown}
 p - 4 potions of degeneration {unknown}
 s - 4 potions of flight {unknown}
 u - 2 potions of stabbing {unknown}
 w - a potion of cancellation {unknown}
 z - 3 potions of mutation {unknown}
 H - 3 potions of magic {unknown}
 I - a potion of resistance {unknown}


   Skills:
 - Level 7.5 Fighting
 + Level 2.6(3.9) Axes
 - Level 4.7(5.1) Maces & Flails
 - Level 3.7 Dodging
 - Level 2.1 Stealth
 + Level 6.3 Spellcasting
 - Level 8.6 Conjurations
 - Level 4.5 Transmutations
 + Level 11.6 Earth Magic
 + Level 6.1 Invocations
 + Level 2.4 Evocations


You had 3 spell levels left.
You knew the following spells:

 Your Spells              Type           Power        Failure   Level
a - Sandblast             Erth           ######       1%          1
b - Passwall              Tmut/Erth      ######..     1%          2
c - Stone Arrow           Conj/Erth      ######       1%          3
d - Searing Ray           Conj           ######       1%          2
e - Petrify               Tmut/Erth      ######..     1%          4
f - Dazzling Flash        Conj/Hex       ####..       3%          3
g - Lee's Rapid Deconstr  Erth           ######....   1%          5

Your spell library contained the following spells:

 Spells                   Type           Power        Failure   Level
 Magic Dart               Conj           ####         1%          1
 Sting                    Tmut/Pois      ###.         2%          1
 Conjure Flame            Conj/Fire      ####....     3%          3
 Mephitic Cloud           Conj/Pois/Air  ####....     5%          3
 Corona                   Hex            #......      6%          1
 Blink                    Tloc           N/A          9%          2
 Call Imp                 Summ           #.......     9%          2
 Ensorcelled Hibernation  Hex/Ice        #.....       9%          2
 Poisonous Vapours        Pois/Air       #.....       9%          2
 Slow                     Hex            #.......     9%          2
 Ignite Poison            Fire/Tmut/Pois ###.....     10%         3
 Confusing Touch          Hex            #.......     17%         3
 Gell's Gravitas          Tloc           #.........   17%         3
 Tukima's Dance           Hex            #.......     17%         3
 Fulminant Prism          Conj/Hex       ####......   10%         4
 Iskenderun's Mystic Bla  Conj/Tloc      ####....     10%         4
 Olgreb's Toxic Radiance  Pois           #.......     50%         4
 Yara's Violent Unravell  Hex/Tmut       ###.......   54%         5
 Metabolic Englaciation   Hex/Ice        #.........   85%         5


Dungeon Overview and Level Annotations

Branches:
Dungeon (12/15)            Temple (1/1) D:5            Lair (0/6) D:11
Ossuary (visited)
    Orc: D:9-12

Altars:
Ashenzari
Cheibriados
Dithmenos
Elyvilon
Fedhas
Gozag
Hepliaklqana
Kikubaaqudgha
Makhleb
Nemelex Xobeh
Okawaru
Qazlal
Ru
Sif Muna
Trog
Uskayaw
Vehumet
Wu Jian
Xom
Yredelemnul
Zin
The Shining One

Annotations:
D:9 exclusion: oklob plant
D:11 2 runed translucent doors, exclusion: orange crystal statue


Innate Abilities, Weirdness & Mutations

You are resistant to torment.
Your stone body is resilient. (AC +8)
You are immune to poison.
You resist negative energy. (rN+)
You are resistant to electric shocks. (rElec)
You can survive without breathing.
You are immune to petrification.
You are immune to rotting.


Message History

The stone arrow hits the rust devil.
The rust devil is almost dead.
The rust devil hits you! The rust devil barely misses you.
Casting: Stone Arrow (safe; 1% risk of failure)
Confirm with . or Enter, or press ? or * to list all spells.
Okay, then.
You hit the rust devil.
The rust devil is almost dead.
You hit the rust devil.
The orc warrior hits you but does no damage.
The rust devil closely misses you. The rust devil barely misses you.
You hit the rust devil but do no damage.
The rust devil is almost dead.
You hit the rust devil but do no damage.
The orc warrior hits you from afar with a +0 glaive!!
* * * LOW HITPOINT WARNING * * *
The rust devil closely misses you. The rust devil hits you.
You can't go up here!
The orc warrior hits you from afar with a +0 glaive!!
You die...

....###......### ###..#######
###.###.....##♣...♣##.......#
#.........#).....)#.......#
#######....###.....###......#
...####....# +..8..+ #......#
##...##....###.....###......#
###..#.....#)..o..)#.......#
####........##♣.44♣##.......#
.....##......###@###........#
.#########.....###...#....#######
## ####..#.........##...###...#
###..(..#......<...##..##.....
#............)..##............
#........#.....#######........
#........#.....#######........
####.....................#.......
#....<.............#####........#


You could see 2 rust devils and an orc warrior.

Vanquished Creatures
  3 two-headed ogres
  A cyclops (D:11)
  An ugly thing (D:8)
  A gargoyle (D:11)
  2 trolls
  4 hippogriffs
  2 wraiths
  10 yaks
  A wyvern (D:9)
  2 wargs (D:11)
  Menkaure (Ossuary)
  An acid dragon (D:11)
  3 sky beasts
  3 ice beasts
  5 black bears
  A necrophage (D:9)
  4 orc warriors
  5 ogres
  An eye of draining (D:10)
  3 phantoms
  10 centaurs
  2 crocodiles (D:9)
  3 big kobolds
  8 bullfrogs
  4 scorpions
  10 killer bees
  18 wights
  An electric eel (D:9)
  2 howler monkeys
  2 bullfrog zombies
  A quasit (D:9)
  3 hounds
  9 jellies
  An orc priest (D:11)
  3 centaur skeletons
  3 bullfrog skeletons
  An iguana (D:8)
  6 orc wizards
  6 worker ants
  2 killer bee zombies
  4 mummies
  A howler monkey zombie (D:10)
  4 gnolls (D:8)
  7 adders
  6 white imps
  An ufetubus (D:6)
  13 oozes
  An adder zombie (D:5)
  An adder skeleton (D:7)
  A worm (D:3)
  A dart slug (D:1)
  7 leopard geckos
  27 orcs
  A ball python (D:5)
  4 giant cockroaches
  4 gnoll zombies (Ossuary)
  4 goblins
  14 hobgoblins
  5 jackals
  23 kobolds
  5 quokkas
  A ball python skeleton (D:4)
  8 bats
  3 frilled lizards
  7 gnoll skeletons (Ossuary)
  10 goblin skeletons (Ossuary)
  A goblin zombie (Ossuary)
  3 hobgoblin skeletons (Ossuary)
  5 hobgoblin zombies (Ossuary)
  A jackal zombie (D:6)
  3 kobold skeletons (Ossuary)
  6 kobold zombies (Ossuary)
  4 orc zombies (Ossuary)
  A quokka zombie (D:9)
  10 rats
  2 rat skeletons (Ossuary)
  4 rat zombies (Ossuary)
352 creatures vanquished.

Vanquished Creatures (others)
  A gargoyle (D:10)
  An orc zombie (Ossuary)
  8 fungi (D:9)
  9 plants
19 creatures vanquished.

Grand Total: 371 creatures vanquished

Notes
Turn   | Place    | Note
-------+----------+-------------------------------------------
     0 | D:1      | DogServant the Gargoyle Earth Elementalist began the quest
                  | for the Orb.
     0 | D:1      | Reached XP level 1. HP: 10/10 MP: 3/3
   156 | D:1      | Reached XP level 2. HP: 15/15 MP: 3/5
   160 | D:1      | Learned a level 2 spell: Passwall
   185 | D:1      | Reached skill level 4 in Earth Magic
   805 | D:1      | Reached XP level 3. HP: 19/19 MP: 6/6
  1053 | D:1      | Learned a level 3 spell: Stone Arrow
  1557 | D:2      | Reached skill level 1 in Transmutations
  1679 | D:2      | Found a burning altar of Makhleb.
  1680 | D:2      | Found a glowing silver altar of Zin.
  1681 | D:2      | Found an ornate altar of the Wu Jian Council.
  1683 | D:2      | Reached XP level 4. HP: 24/24 MP: 6/8
  1685 | D:2      | Found a hazy altar of Hepliaklqana.
  1686 | D:2      | Found a radiant altar of Vehumet.
  1687 | D:2      | Found an iron altar of Okawaru.
  1733 | D:2      | Found a sacrificial altar of Ru.
  1928 | D:3      | Reached skill level 1 in Fighting
  2069 | D:3      | Reached skill level 1 in Conjurations
  2107 | D:3      | Found a faded altar of an unknown god.
  2831 | D:3      | Found a faded altar of an unknown god.
  3234 | D:3      | Reached skill level 5 in Earth Magic
  3234 | D:3      | Reached XP level 5. HP: 26/29 MP: 3/9
  3332 | D:4      | Found a snail-covered altar of Cheibriados.
  3559 | D:4      | Found a sand-covered staircase.
  3569 | Ossuary  | Entered an ossuary
  4293 | Ossuary  | Noticed Menkaure
  4303 | Ossuary  | Killed Menkaure
  4303 | Ossuary  | Reached XP level 6. HP: 27/34 MP: 4/11
  5094 | D:4      | Found a stormy altar of Qazlal.
  5098 | D:4      | Found a blossoming altar of Fedhas.
  5276 | D:5      | Entered Level 5 of the Dungeon
  5337 | D:5      | Reached skill level 6 in Earth Magic
  5343 | D:5      | Reached XP level 7. HP: 30/38 MP: 4/13
  5819 | D:5      | Found a staircase to the Ecumenical Temple.
  5832 | Temple   | Entered the Ecumenical Temple
  5908 | Temple   | Became a worshipper of Sif Muna the Loreminder
  5923 | D:5      | Learned a level 2 spell: Searing Ray
  5928 | D:5      | Learned a level 4 spell: Petrify
  6582 | D:6      | Reached skill level 7 in Earth Magic
  6582 | D:6      | Reached XP level 8. HP: 36/43 MP: 7/14
  6765 | D:6      | Noticed a yak
  6765 | D:6      | Noticed a yak
  6799 | D:7      | Reached skill level 5 in Conjurations
  6849 | D:7      | Noticed a two-headed ogre
  7284 | D:7      | Learned a level 3 spell: Dazzling Flash
  7639 | D:7      | Reached * piety under Sif Muna
  8195 | D:8      | Reached skill level 8 in Earth Magic
  8262 | D:8      | Noticed a purple ugly thing
  8621 | D:7      | Killed a two-headed ogre
  8621 | D:7      | Reached XP level 9. HP: 51/51 MP: 5/15
  8808 | D:8      | Reached skill level 9 in Earth Magic
  9408 | D:8      | Killed a purple ugly thing
  9581 | D:9      | Reached skill level 5 in Fighting
  9581 | D:9      | Reached XP level 10. HP: 46/59 MP: 10/16
  9704 | D:9      | Reached skill level 1 in Invocations
  9708 | D:9      | Reached skill level 1 in Maces & Flails
  9758 | D:9      | Noticed an oklob plant
  9794 | D:9      | Reached ** piety under Sif Muna
 10013 | D:9      | Reached skill level 10 in Earth Magic
 10541 | D:9      | Got an ichor-stained plate armour
 10552 | D:9      | Identified the +1 plate armour of the Lion {rPois rN+
                  | Regen+ Dex-2} (You found it on level 9 of the Dungeon)
 10859 | D:9      | Noticed a two-headed ogre
 10864 | D:9      | Killed a two-headed ogre
 10903 | D:10     | Entered Level 10 of the Dungeon
 10903 | D:10     | Noticed a two-headed ogre
 11083 | D:10     | Noticed a gargoyle
 11087 | D:9      | Reached *** piety under Sif Muna
 11647 | D:10     | Killed a two-headed ogre
 11647 | D:10     | Reached skill level 5 in Spellcasting
 11647 | D:10     | Reached XP level 11. HP: 24/66 MP: 0/18
 13019 | D:10     | Learned a level 5 spell: Lee's Rapid Deconstruction
 13311 | D:10     | Got a crude hand axe
 13312 | D:10     | Identified the +6 hand axe of Imminent Death {flame,
                  | Fragile rF+ Int+8} (You found it on level 10 of the
                  | Dungeon)
 13630 | D:11     | Noticed an orange crystal statue
 13637 | D:11     | Found a runed translucent door.
 13638 | D:11     | Found the +10 tower shield of Ignorance {rN+ Int-4}
 13788 | D:11     | Found a runed translucent door.
 14166 | D:11     | Reached skill level 11 in Earth Magic
 14187 | D:11     | Reached **** piety under Sif Muna
 14187 | D:11     | Reached skill level 5 in Invocations
 15016 | D:11     | Found a staircase to the Lair.
 15027 | D:11     | Noticed a cyclops
 15035 | D:11     | Reached skill level 1 in Axes
 15380 | D:11     | Reached skill level 1 in Evocations
 15493 | D:11     | Killed a cyclops
 16667 | D:6      | Reached XP level 12. HP: 60/72 MP: 16/21
 17046 | D:5      | Slain by an orc warrior

Illustrated notes

Levels and vault maps discovered:
D:1:      elethiomel_arrival_quiet, layout_basic, st_stairs_10,
          chequers_serial_rivers_room_b, serial_bayou_pond_d
D:2:      layout_rooms, minitemple, nicolae_ru_the_path_less_chosen
D:3:      layout_loops_ring, chequers_ecumenical_altar_simple_redux,
          amethyst_killhole, minmay_misc_feat_ornament,
          minmay_misc_feat_nine_boxes
D:4:      layout_basic, grunt_temple_overflow_forces_of_nature,
          gup_ossuary_entry_pyramid, chequers_serial_rivers_micro_b,
          cheibriados_altar_1
D:5:      cheibrodos_iron_armory, layout_rooms, minmay_temple_entry_offerings,
          dk_noncrumbling_3
D:6:      layout_basic
D:7:      layout_basic, mrwooster_statue_mirror
D:8:      layout_gridville
D:9:      lemuel_slime, layout_basic
D:10:     lemuel_ice_spiral_2, layout_basic
D:11:     layout_cave_pods, erik_lair_orcish_takeover,
          chequers_guarded_unrand_ignorance
D:12:     layout_roguey, david_orc_3, serial_shops, shop,
          nicolae_underground_beach, uniq_nessos
Temple:   nicolae_temple_great_sept

Skill      XL: |  1  2  3  4  5  6  7  8  9 10 11 |
---------------+----------------------------------+-----
Earth Magic    | 4 5 6 7 8 9 10 11 | 11.6
Transmutations | 1 2 3 4 |  4.5
Fighting       | 1 3 5 6 7 |  7.5
Conjurations   | 1 3 4 6 7 8 |  8.6
Spellcasting   | 3 4 5 6 |  6.3
Dodging        | 2 3 |  3.7
Invocations    | 4 6 |  6.1
Maces & Flails | 3 4 |  4.7
Axes           | 2 |  2.6
Evocations     | 2 |  2.4
Stealth        | |  2.1

Action                   |  1- 3 |  4- 6 |  7- 9 | 10-12 || total
-------------------------+-------+-------+-------+-------++-------
Melee: Unarmed           |     5 |       |       |       ||     5
       Short sword       |    33 |    34 |       |       ||    67
       Whip              |       |   145 |    32 |       ||   177
       Mace              |       |       |    12 |   201 ||   213
       Hand axe          |       |       |       |    81 ||    81
 Cast: Sandblast         |    51 |    77 |   137 |    20 ||   285
       Stone Arrow       |       |     8 |     9 |    75 ||    92
       Passwall          |       |       |     6 |       ||     6
       Petrify           |       |       |     4 |       ||     4
       Searing Ray       |       |       |       |    43 ||    43
       Lee's Rapid Decon |       |       |       |     8 ||     8
Evoke: Wand              |       |       |     3 |       ||     3
  Use: Scroll            |       |     8 |     8 |     3 ||    19
       Potion            |       |     2 |       |       ||     2
 Stab: Sleeping          |     2 |     5 |     4 |     4 ||    15
       Distracted        |       |     1 |       |       ||     1
       Petrified         |       |       |     6 |       ||     6
Armor: Robe              |     9 |       |       |   217 ||   226
       Leather armour    |    11 |    67 |    39 |    15 ||   132
       Skin              |       |       |       |    23 ||    23
Dodge: Dodged            |    37 |   111 |    79 |   442 ||   669

Table legend: (Time is in decaauts)
 A = Elapsed time spent in this place.
 B = Non-inter-level travel time spent in this place.
 C = Inter-level travel time spent in this place.
 D = Time resting spent in this place.
 E = Time spent auto-exploring this place.
 F = Levels seen in this place.
 G = Mean time per level.
                   A        B        C        D        E       F      G
               +--------+--------+--------+--------+--------+-----+--------+
         Total |  17174 |  16568 |    606 |   4408 |   8859 |  14 | 1226.7 |
       Dungeon |  16254 |  15658 |    596 |   4125 |   8656 |  12 | 1354.5 |
        Temple |     86 |     76 |     10 |      0 |     72 |   1 |   86.0 |
       Ossuary |    832 |    832 |      0 |    283 |    131 |   1 |  832.0 |
               +--------+--------+--------+--------+--------+-----+--------+

Top non-repeatable levels by time:
    D:11: 2825 daAuts
     D:9: 2698 daAuts
     D:7: 1638 daAuts
    D:10: 1524 daAuts
     D:3: 1480 daAuts
     D:8: 1196 daAuts
     D:4: 1146 daAuts
     D:1: 1120 daAuts
     D:6: 1053 daAuts
     D:5: 854 daAuts
 Ossuary: 832 daAuts
     D:2: 713 daAuts
  Temple: 86 daAuts
    D:12: 1 daAuts
